 Dungeon Crawl Stone Soup version 0.28-b1-25-g9875b3fc8c (webtiles) character file.

Game seed: 12835128400499657500

70 AttackBeaver the Sneak (level 4, -4/27 HPs)
             Began as a Kobold Brigand on Feb 5, 2022.
             Killed from afar by Robin (7 damage)
             ... with a puff of flame
             ... on level 2 of the Dungeon.
             The game lasted 00:09:57 (1340 turns).

AttackBeaver the Sneak (Kobold Brigand)             Turns: 1340, Time: 00:09:58

Health: -4/27      AC:  3    Str: 10    XL:     4   Next: 45%
Magic:  4/4        EV: 14    Int: 12    God:
Gold:   29         SH:  0    Dex: 22    Spells: 3/3 levels left

rFire   . . .      SeeInvis .   a - +2 dagger
rCold   . . .      Faith    .   (no shield)
rNeg    . . .      Spirit   .   b - +0 robe
rPois   .          Reflect  .   (no helmet)
rElec   .          Harm     .   c - +0 cloak
rCorr   .          Rampage  .   (no gloves)
Will    .....                   (no boots)
Stlth   +++++.....              (no amulet)
HPRegen 0.09/turn               g - +6 ring of dexterity
MPRegen 0.09/turn               (no ring)

@: no status effects
A: small, no large weapons, nightstalker 3
a: no special abilities


You were on level 2 of the Dungeon.
You visited 1 branch of the dungeon, and saw 2 of its levels.

You collected 29 gold pieces.

Inventory:

Hand Weapons
 a - a +2 dagger (weapon)
Missiles
 d - 7 poisoned darts
 e - 2 curare-tipped darts
 h - a boomerang of dispersal (quivered)
Armour
 b - a +0 robe (worn)
 c - a +0 cloak (worn)
Jewellery
 g - a +6 ring of dexterity (left hand)
Scrolls
 f - a scroll of identify {unknown}
 i - a scroll of magic mapping {unknown}
Potions
 j - a potion of haste {unknown}
 k - a potion of attraction {unknown}


   Skills:
 + Level 2.4 Fighting
 + Level 3.2 Short Blades
 + Level 2.4 Throwing
 + Level 1.6 Dodging
 + Level 7.0 Stealth


You had 3 spell levels left.
You didn't know any spells.
Your spell library was empty.

Dungeon Overview and Level Annotations

Branches:
Dungeon (2/15)

Altars:

Annotations:
D:2 Robin


Innate Abilities, Weirdness & Mutations

You are small and have problems with some larger weapons.
You are completely attuned to the shadows.


Message History

The adder barely misses you. Robin throws the goblin at you!
The goblin hits you with a +0 club. The adder bites you.
You hit the adder.
The adder is almost dead.
The adder closely misses you. The goblin closely misses you.
You hit the adder.
You kill the adder!
Your Stealth skill increases to level 7!
You hit the goblin.
The goblin is moderately wounded.
The goblin hits you with a +0 club.
* * * LOW HITPOINT WARNING * * *
Robin zaps a wand.
The puff of flame misses you.
Throw: 3 boomerangs (disperse)
Press: ? - help, Q - select action, (/) - cycle Shift-Dir - straight line, f/p - Robin
Aim: Robin, wielding a +0 short sword, wearing a +0 animal skin, wearing a +0 helmet and carrying a wand of flame (4) (72% to hit)
You throw a boomerang of dispersal. The boomerang of dispersal hits Robin.
Robin blinks!
Robin is moderately wounded.
The goblin completely misses you.
Robin's horned helmet rattles.
The goblin barely misses you.
Robin zaps a wand.
The puff of flame misses you.
There is an open door, spattered with blood here.
You hit the goblin.
The goblin is heavily wounded.
You hit the goblin.
The goblin is severely wounded.
The goblin closely misses you.
You hit the goblin.
You kill the goblin!
Robin zaps a wand.
The puff of flame hits you.
* * * LOW HITPOINT WARNING * * *
Throw: 2 boomerangs (disperse)
Press: ? - help, Q - select action, (/) - cycle Shift-Dir - straight line, f/p - Robin
Aim: Robin, wielding a +0 short sword, wearing a +0 animal skin, wearing a +0 helmet and carrying a wand of flame (2) (moderately wounded, 72% to hit)
You throw a boomerang of dispersal.
The boomerang of dispersal closely misses Robin.
Robin zaps a wand.
The puff of flame hits you!
You die...

#.............
#.............
###...........
#...........
#..........
###.......... ..
#.......#.... #.
#.....g.####. #.
#..@.##.# #.
#######)###########+
#....g............
#.g...............
#.................
#...(.............
###............#####
#........##'#.......
#........##'###.....


You could see Robin.

Vanquished Creatures
  An adder (D:2)
  2 dart slugs (D:1)
  6 ball pythons (D:1)
  4 bats
  7 endoplasms
  3 giant cockroaches
  12 goblins
  3 hobgoblins
  3 jackals (D:1)
  2 kobolds (D:1)
  A quokka (D:2)
  A frilled lizard (D:2)
  4 rats
49 creatures vanquished.

Notes
Turn   | Place    | Note
-------+----------+-------------------------------------------
     0 | D:1      | AttackBeaver the Kobold Brigand began the quest for the
                  | Orb.
     0 | D:1      | Reached XP level 1. HP: 12/12 MP: 1/1
     8 | D:1      | Found a faded altar of an unknown god.
    47 | D:1      | Reached XP level 2. HP: 5/18 MP: 2/2
   338 | D:1      | Reached skill level 6 in Stealth
   366 | D:1      | Reached XP level 3. HP: 21/22 MP: 3/3
   402 | D:1      | You fall into a shaft and drop 1 floor!
   942 | D:2      | Noticed Robin
   946 | D:2      | Reached XP level 4. HP: 27/27 MP: 4/4
  1329 | D:2      | Reached skill level 7 in Stealth
  1340 | D:2      | Killed from afar by Robin

Illustrated notes

Levels and vault maps discovered:
D:1:      ncdulo_watergridlock, layout_rooms, ebering_ecumenical_altar_box
D:2:      layout_basic, uniq_robin

Skill      XL: |  1  2  3  4 |
---------------+-------------+-----
Stealth        | 6 7 |  7.0
Short Blades   | 3 |  3.2
Fighting       | |  2.4
Throwing       | |  2.4
Dodging        | |  1.6

Action                   |  1- 3 |  4- 6 || total
-------------------------+-------+-------++-------
Melee: Dagger            |    87 |    32 ||   119
       Punch             |     1 |     1 ||     2
Throw: Dart              |     3 |     1 ||     4
       Boomerang         |       |     5 ||     5
 Stab: Sleeping          |    16 |     1 ||    17
Armor: Robe              |    12 |     6 ||    18
Dodge: Dodged            |    63 |    27 ||    90
